 Dungeon Crawl Stone Soup version 0.26.1-11-gd32895ea62 (webtiles) character file.

Game seed: 12315203019944073049

971 diana the Skirmisher (level 7, -2/56 HPs)
             Began as a Demonspawn Gladiator on Apr 18, 2021.
             Was a Follower of Okawaru.
             Slain by an orc warrior
             ... wielding a +3 dire flail
              (12 damage)
             ... on level 6 of the Dungeon.
             The game lasted 00:07:39 (6669 turns).

diana the Skirmisher (Demonspawn Gladiator)         Turns: 6669, Time: 00:07:40

Health: -2/56      AC:  6    Str: 15    XL:     7   Next: 94%
Magic:  5/7        EV: 18    Int: 10    God:    Okawaru [*.....]
Gold:   212        SH:  0    Dex: 15    Spells: 6/6 levels left

rFire    . . .     SeeInvis .   a - +0 quarterstaff
rCold    . . .     Faith    .   (shield currently unavailable)
rNeg     . . .     Spirit   .   b - +0 leather armour
rPois    .         Reflect  .   c - +0 helmet
rElec    .         Harm     .   r - +0 cloak
rCorr    .         Rampage  .   (gloves unavailable)
Will     .....                  (no boots)
Stlth    +++.......             (no amulet)
HPRegen  0.18/turn              (no ring)
MPRegen  0.10/turn              (no ring)

@: heroism
A: claws 3, talons 1, spiny 1
a: Renounce Religion, Heroism


You were on level 6 of the Dungeon.
You worshipped Okawaru.
Okawaru was aware of your devotion.
You visited 2 branches of the dungeon, and saw 7 of its levels.

You collected 358 gold pieces.
You spent 146 gold pieces at shops.

Inventory:

Hand Weapons
 a - a +0 quarterstaff (weapon)
Missiles
 d - 5 throwing nets (quivered)
Armour
 b - a +0 leather armour (worn)
 c - a +0 helmet (worn)
 r - a +0 cloak (worn)
Wands
 u - a wand of acid (9)
Scrolls
 e - 9 scrolls of identify {unknown}
 f - 4 scrolls of noise {unknown}
 g - a scroll of magic mapping {unknown}
 h - 3 scrolls of amnesia {unknown}
 i - 2 scrolls of blinking {unknown}
 j - a scroll of teleportation
 k - 2 scrolls of remove curse
 n - a scroll of random uselessness {unknown}
 t - a scroll of enchant weapon {unknown}
 w - a scroll of vulnerability {unknown}
Potions
 l - 2 potions of lignification {unknown}
 m - 5 potions of heal wounds {unknown}
 o - 2 potions of curing
 p - a potion of degeneration
 q - a potion of might
 s - a potion of resistance {unknown}
 v - a potion of magic {unknown}


   Skills:
 * Level 5.6(10.6) Fighting
 * Level 5.5(10.5) Staves
 - Level 1.7(6.7) Throwing
 + Level 3.1(8.1) Armour
 + Level 4.2(9.2) Dodging


You had 6 spell levels left.
You didn't know any spells.
Your spell library contained the following spells:

 Spells                   Type           Power        Failure   Level
 Animate Skeleton         Necr           0%           41%         1
 Apportation              Tloc           0%           41%         1
 Corona                   Hex            0%           41%         1
 Summon Small Mammal      Summ           0%           41%         1


Dungeon Overview and Level Annotations

Branches:
Dungeon (6/15)             Temple (1/1) D:4

Altars:
Cheibriados
Dithmenos
Elyvilon
Hepliaklqana
Kikubaaqudgha
Makhleb
Nemelex Xobeh
Okawaru
Qazlal
Ru
Trog
Uskayaw
Vehumet
Xom
Yredelemnul
Zin
The Shining One

Shops:
D:4 !*?=*


Innate Abilities, Weirdness & Mutations

You have claws for hands.
You have sharp toenails.
You are partially covered in sharp spines.


Message History

An orc warrior comes into view. It is wielding a +3 dire flail.
The orc warrior shouts!
You sock the orc!
You kill the orc!
Okawaru accepts your kill.
The orc wizard gestures at itself while chanting.
The orc wizard flickers and vanishes!
Deactivating autopickup; reactivate with Ctrl-A.
You gain the combat prowess of a mighty hero.
The orc warrior hits you with a +3 dire flail!!
The orc warrior is struck by your spines.
The orc warrior hits you with a +3 dire flail!
The orc warrior hits you with a +3 dire flail!
* * * LOW HITPOINT WARNING * * *
A magic dart appears from out of thin air!
The magic dart hits you.
* * * LOW HITPOINT WARNING * * *
There is a stone staircase leading up here.
The orc warrior hits you with a +3 dire flail!
You die...

.. .. #'# ########..##
#..........# ...
#..........# ....
#..(......# ....
#...@.....#......
.....#...o............
.....#................
.....'......#.#.#.#..# ###
...##....#..........##..#
.. #....#.#.#.#.#...+..#
#.....).......).......##..#
............!#.#.#.#..##..+
.....###+###..............#


You could see an orc warrior.

Vanquished Creatures
  Sigmund (D:3)
  2 phantoms (D:5)
  A centaur (D:5)
  2 howler monkeys
  A jelly (D:5)
  2 orc priests
  3 worker ants
  A hound zombie (D:5)
  A worker ant zombie (D:5)
  A howler monkey skeleton (D:4)
  4 adders
  8 gnolls
  3 white imps (D:5)
  2 ufetubi (D:5)
  An ooze (D:4)
  3 worms
  3 dart slugs (D:2)
  A leopard gecko (D:4)
  11 orcs
  12 bats
  7 giant cockroaches
  16 goblins
  12 hobgoblins
  4 jackals (D:4)
  10 kobolds
  2 quokkas (D:2)
  2 ball pythons (D:2)
  8 frilled lizards
  A quokka zombie (D:5)
  5 rats
130 creatures vanquished.

Notes
Turn   | Place    | Note
-------+----------+-------------------------------------------
     0 | D:1      | diana the Demonspawn Gladiator began the quest for the Orb.
     0 | D:1      | Reached XP level 1. HP: 16/16 MP: 1/1
   235 | D:1      | Gained mutation: You are partially covered in sharp spines.
                  | [demonic ancestry]
   235 | D:1      | Reached XP level 2. HP: 9/22 MP: 2/2
   674 | D:1      | Gained mutation: You have sharp fingernails. [demonic
                  | ancestry]
   674 | D:1      | Reached XP level 3. HP: 28/28 MP: 3/3
   913 | D:2      | Reached skill level 1 in Armour
   975 | D:2      | Gained mutation: You have very sharp fingernails. [demonic
                  | ancestry]
   975 | D:2      | Reached XP level 4. HP: 35/35 MP: 4/4
  1467 | D:2      | You fall into a shaft and drop 2 floors!
  1524 | D:2      | Found a snail-covered altar of Cheibriados.
  1575 | D:2      | Found a shimmering altar of Xom.
  1576 | D:2      | Found a hazy altar of Hepliaklqana.
  1577 | D:2      | Noticed a spectral ugly thing
  1577 | D:2      | Noticed a hell beast
  1754 | D:2      | Gained mutation: You have claws for hands. [demonic
                  | ancestry]
  1754 | D:2      | Reached XP level 5. HP: 11/41 MP: 5/5
  2083 | D:3      | Found a bloodstained altar of Trog.
  2282 | D:3      | Noticed Sigmund
  2297 | D:3      | Killed Sigmund
  2298 | D:3      | Reached XP level 6. HP: 21/48 MP: 6/6
  3695 | D:4      | Found Miemil's Distillery.
  3863 | D:4      | Bought a potion of curing for 30 gold pieces
  3863 | D:4      | Bought a potion of degeneration for 10 gold pieces
  3863 | D:4      | Bought a potion of might for 40 gold pieces
  3951 | D:4      | Found a staircase to the Ecumenical Temple.
  4003 | Temple   | Entered the Ecumenical Temple
  4104 | Temple   | Became a worshipper of Warmaster Okawaru
  4219 | D:4      | Found Wuck's Jewellery Shoppe.
  4219 | D:4      | Found Reug's General Store.
  4219 | D:4      | Found Jibeu's Assorted Antiques.
  4223 | D:4      | Found Jeocea Yzeb's Magic Scroll Shoppe.
  4237 | D:4      | Gained mutation: You have sharp toenails. [demonic
                  | ancestry]
  4237 | D:4      | Reached XP level 7. HP: 29/55 MP: 7/7
  4403 | D:4      | Bought a scroll of teleportation for 33 gold pieces
  4403 | D:4      | Bought a scroll of remove curse for 33 gold pieces
  4722 | D:5      | Entered Level 5 of the Dungeon
  5013 | D:5      | Reached skill level 5 in Fighting
  5013 | D:5      | Reached skill level 5 in Staves
  5661 | D:5      | Reached * piety under Okawaru
  5728 | D:5      | Found a radiant altar of Vehumet.
  6669 | D:6      | Slain by an orc warrior

Illustrated notes

Levels and vault maps discovered:
D:1:      erik_arrival_orb_chamber, layout_rooms
D:2:      layout_loops_ring, regret_index_temple_of_mockery,
          kennysheep_slug_shrine
D:3:      minmay_recursive_quarters, layout_basic, old_standard_altar,
          uniq_sigmund
D:4:      layout_loops_ring, minmay_temple_entry_gardened_gates, serial_shops,
          shop, minmay_shop_grid_forest, minmay_statues_item
D:5:      layout_layer_cave, vehumet_crystals, enter_ossuary_1,
          amcnicky_mini_rare_corridor_liquid
D:6:      cheibrodos_iron_armory, layout_gridville, serial_glass,
          glass_columns_c, glass_columns_a
Temple:   nicolae_temple_hex_pool

Skill      XL: |  1  2  3  4  5  6  7 |
---------------+----------------------+-----
Staves         | 3 4 5 |  5.5
Armour         | 1 2 3 |  3.1
Dodging        | 3 4 |  4.2
Fighting       | 3 4 5 |  5.6
Throwing       | |  1.7

Action                   |  1- 3 |  4- 6 |  7- 9 || total
-------------------------+-------+-------+-------++-------
Melee: Quarterstaff      |    79 |   148 |    72 ||   299
       Kick              |       |       |    24 ||    24
Invok: Heroism           |       |       |     1 ||     1
  Use: Scroll            |       |       |     1 ||     1
 Stab: Sleeping          |     2 |     1 |     1 ||     4
Armor: Leather armour    |    14 |    24 |    11 ||    49
Dodge: Dodged            |    57 |    94 |    40 ||   191
